 Dungeon Crawl Stone Soup version 0.18-a0-1484-g95ebbe1 (webtiles) character file.

214969 Iskender the Acrobat (level 18, -5/140 HPs)
             Began as a Merfolk Wanderer on Feb 27, 2016.
             Was the Champion of Fedhas.
             Slain by an ironheart preserver
             ... wielding a +0 mace
              (33 damage)
             ... on level 1 of the Vaults on Mar 3, 2016.
             The game lasted 06:29:12 (42798 turns).

Iskender the Acrobat (Merfolk Wanderer)            Turns: 42798, Time: 06:29:12

Health: -5/140     AC: 16    Str: 11    XL:     18   Next: 49%
Magic:  22/27      EV: 34    Int: 20    God:    Fedhas [******]
Gold:   1509       SH:  0    Dex: 24    Spells: 6 memorised, 14 levels left

rFire  + . .     SeeInvis .     a - +2 glaive (venom)
rCold  . . .     Gourm    +     n - +3 leather armour {rF+}
rNeg   . . .     Faith    .     (shield currently unavailable)
rPois  +         Spirit   .     R - +2 hat {MR+}
rElec  .         Dismiss  .     r - +2 cloak "Nicumuv" {rPois MR- Dex+4}
rCorr  .         Reflect  .     I - +1 pair of gloves
SustAt .         Harm     .     W - +2 pair of boots
MR     +....                    g - amulet of the gourmand
Stlth  ++++++....               w - +6 ring of intelligence
                                s - ring of stealth

@: very slightly contaminated, regenerating, hasted, repel missiles, very quick,
somewhat resistant to hostile enchantments, very stealthy
A: change form in water, swift swim
a: Evolution, Sunlight, Growth, Reproduction, Rain, Renounce Religion
}: 2/15 runes: decaying, gossamer


You were on level 1 of the Vaults.
You worshipped Fedhas.
Fedhas was exalted by your worship.
You were very full.

You visited 7 branches of the dungeon, and saw 35 of its levels.

You collected 3277 gold pieces.
You spent 1768 gold pieces at shops.

Inventory:

Hand Weapons
 a - a +2 glaive of venom (weapon)
 b - a +1 trident of piercing
 v - a +0 blowgun
Missiles
 e - 2 throwing nets
 D - 12 curare-tipped needles
 T - 5 javelins (quivered)
Armour
 n - a +3 leather armour of fire resistance (worn)
 r - the +2 cloak "Nicumuv" (worn) {rPois MR- Dex+4}
   (You bought it in a shop on level 2 of the Orcish Mines)

   It affects your dexterity (+4).
   It protects you from poison.
   It affects your resistance to hostile enchantments.
 I - a +1 pair of gloves (worn)
 R - a +2 hat of magic resistance (worn)
 W - a +2 pair of boots (worn)
Jewellery
 f - an uncursed ring of protection from fire
 g - an amulet of the gourmand (around neck)
 l - a +6 ring of intelligence
 s - a ring of stealth (left hand)
 t - an uncursed ring of protection from magic
 u - an uncursed ring of see invisible
 w - a +6 ring of intelligence (right hand)
 y - an uncursed ring of resist corrosion
 L - an uncursed ring of flight
 X - an uncursed ring of positive energy
Wands
 c - a wand of disintegration (15/24)
 m - a wand of digging (13/24)
 p - a wand of disintegration (22/24)
 x - a wand of confusion (21/48)
 H - a wand of enslavement (4/24)
 V - a wand of enslavement (0/24)
 Z - a wand of confusion (22/48)
Scrolls
 d - 5 scrolls of remove curse
 h - 2 scrolls of enchant weapon
 k - a scroll of recharging
 o - 2 scrolls of fear
 z - 7 scrolls of identify
 E - 2 scrolls of enchant armour
 G - a scroll of summoning
 K - 3 scrolls of magic mapping
 M - a scroll of immolation
 N - a scroll of fog
 P - 4 scrolls of teleportation
 Q - 3 scrolls of blinking
Potions
 i - 2 potions of magic
 A - 3 potions of brilliance
 F - 3 potions of might
 S - 2 potions of agility
 U - a potion of cancellation
Miscellaneous
 J - a fan of gales (inert)
Comestibles
 B - 11 meat rations
 C - 22 fruits {!e}
 O - 7 bread rations


   Skills:
 + Level 12.2 Fighting
 - Level 20.1 Polearms
 - Level 1.0 Throwing
 - Level 21.7 Dodging
 - Level 10.2 Stealth
 - Level 6.1 Spellcasting
 - Level 14.0 Charms
 - Level 1.0 Summonings
   Level 1.3 Transmutations
 - Level 2.0 Poison Magic
 - Level 12.3 Invocations
 - Level 1.0 Evocations


You had 14 spell levels left.
You knew the following spells:

 Your Spells              Type           Power        Failure   Level  Hunger
a - Sting                 Conj/Pois      ##..         10%         1    None
b - Summon Butterflies    Summ           ##......     10%         1    None
c - Regeneration          Chrm/Necr      ####......   1%          3    ##.....
i - Cure Poison           Pois           ##........   10%         2    None
r - Repel Missiles        Chrm/Air       ####..       1%          2    None
H - Haste                 Chrm           ######..     8%          6    #######


Dungeon Overview and Level Annotations

Branches:
Dungeon (15/15)            Temple (0/1) D:6            Lair (8/8) D:9
  Swamp (4/4) Lair:4       Spider (4/4) Lair:3        Slime (0/6) Lair:7
    Orc (2/2) D:9             Elf (0/3) Orc:2        Vaults (1/5) D:14
 Depths (1/5) D:15

Altars:
Ashenzari
Dithmenos
Fedhas
Makhleb
Nemelex Xobeh
Okawaru
Sif Muna
Trog
Vehumet
Yredelemnul
Beogh

Shops:
D:9 :   D:10 :   D:15 [   Orc:2 [(*:

Annotations:
Depths:1 Leszczynek's ghost, adept DDWr


Message History

Attack whom?
Press: ? - help, Dir - move target cursor, f/p - ironheart preserver
Aim: an ironheart preserver, wielding a mace and wearing a ring mail (heavily wounded, unusually strong, poisoned)
You hit the ironheart preserver.
The ironheart preserver is heavily wounded.
Attack whom?
Press: ? - help, Dir - move target cursor, f/p - ironheart preserver
Aim: an ironheart preserver, wielding a mace and wearing a ring mail (heavily wounded, unusually strong, poisoned)
You hit the ironheart preserver but do no damage.
The ironheart preserver is heavily wounded.
The vault warden hits your butterfly with a great mace!
Your butterfly dies!
Attack whom?
Press: ? - help, Dir - move target cursor, f/p - ironheart preserver
Aim: an ironheart preserver, wielding a mace and wearing a ring mail (heavily wounded, unusually strong, poisoned)
Okay, then.
You barely miss the necromancer.
The ironheart preserver hits you with a mace!!
You die...
Fedhas appreciates your contribution to the ecosystem.

#.(.z#.#(<..#.####.
#...#)#(#..(+.#≈≈#.
##.#.#.#(#.##.#≈≈#.
#.#.#.#(#.#.# #≈§#.
#?.#.#.#.#..# ###.
#.#z#p#.#.#(# ...
##.#p#.#.#.## ##
#...#p#p#(..#
#..+..b(#@#b...#
#..#...#.bb#...#
#..#########+### #.
#


You could see an ironheart preserver, a vault warden, a skeletal warrior and a
necromancer.

Vanquished Creatures
  A bone dragon (Swamp:4)
  Rupert (D:14)
  Gastronok (Lair:2)
  Frances (D:14)
  3 ghost moths (Spider:4)
  An orc warlord (Orc:2)
  Louise (Swamp:3)
  Aizul (Spider:4)
  A vault warden (Vaults:1)
  5 emperor scorpions
  A stone giant (Orc:1)
  Nessos (D:13)
  Azrael (Orc:2)
  2 ettins (Orc:2)
  Josephine (Lair:7)
  A yaktaur captain (Vaults:1)
  2 entropy weavers
  A ghost crab (Swamp:4)
  12 hydras
  3 death knights
  14 alligators
  6 death yaks (Lair:6)
  A vampire mage (D:15)
  A tengu warrior (D:13)
  4 orc high priests (Orc:2)
  Sonja (D:14)
  An unseen horror (D:11)
  A wizard (Swamp:4)
  2 skeletal warriors
  5 swamp dragons
  An ironbrand convoker (Vaults:1)
  5 phantasmal warriors
  5 hill giants
  A spectral hydra (Swamp:4)
  Pikel (D:4)
  3 orc knights
  24 wolf spiders
  A shadow dragon skeleton (D:15)
  A hornet (shapeshifter) (D:14)
  2 wandering mushrooms
  2 cyclopes
  6 orc sorcerers
  A deep elf mage (D:14)
  2 manticores
  6 hornets
  An ugly thing (D:13)
  16 orb spiders
  4 black mambas
  Maurice (D:10)
  3 moths of wrath
  2 elephants (Lair:6)
  10 spiny frogs
  3 torpor snails
  A spriggan skeleton (D:15)
  2 rime drakes
  10 komodo dragons
  2 spriggan druids
  9 demonic crawlers
  A jumping spider (shapeshifter) (D:13)
  5 trolls
  A queen bee (Lair:6)
  6 polar bears
  Grinder (D:4)
  A giant leech (Swamp:3)
  A wind drake (shapeshifter) (D:14)
  8 blink frogs
  26 jumping spiders
  3 two-headed ogres (Orc:2)
  3 hydra skeletons (Swamp:4)
  13 slime creatures
  2 boulder beetles
  5 bog bodies
  5 spectral swamp dragons (Swamp:4)
  77 redbacks
  5 wraiths
  33 yaks
  20 tarantellas
  A fire dragon skeleton (D:15)
  12 spriggans
  6 wyverns
  3 alligator skeletons (Swamp:4)
  4 shadows
  2 fire bats (D:13)
  2 fire elementals (Orc:2)
  18 vampire mosquitoes
  3 steam dragons
  A vampire (D:13)
  A basilisk (Lair:5)
  12 wolves
  8 hippogriffs
  2 hungry ghosts
  A mottled dragon (D:15)
  14 swamp worms
  Menkaure (D:6)
  An insubstantial wisp (Swamp:4)
  A soldier ant (D:12)
  6 wargs
  6 porcupines
  10 water moccasins
  2 hell hounds
  30 orc warriors
  2 swamp drakes (Swamp:2)
  5 sky beasts
  7 ice beasts
  4 black bears
  2 eyes of draining (D:15)
  A necrophage (D:8)
  12 ogres
  10 wasps
  13 centaurs
  6 phantoms
  4 swamp dragon skeletons (Swamp:4)
  9 crocodiles
  2 big kobolds
  15 giant frogs
  2 scorpions
  30 killer bees
  5 wights
  3 electric eels
  4 howler monkeys
  9 crimson imps
  2 quasits
  2 jellies
  A giant frog zombie (D:5)
  2 lava snakes (D:13)
  3 giant frog skeletons
  4 hounds
  12 orc wizards
  Crazy Yiuf (D:6)
  7 centaur skeletons
  26 orc priests
  16 iguanas
  9 worker ants
  A spectral swamp drake (Swamp:4)
  4 sheep (Lair:6)
  11 adders
  50 river rats
  3 shadow imps
  A swamp drake skeleton (Swamp:4)
  A white imp (D:5)
  An ooze (D:3)
  2 adder skeletons
  4 worms
  3 dart slugs
  An adder simulacrum (D:10)
  7 giant geckos
  101 orcs
  6 bats
  5 giant cockroaches
  10 hobgoblins
  11 jackals
  18 kobolds
  6 quokkas
  3 ball pythons
  A ball python skeleton (D:4)
  A giant gecko skeleton (D:6)
  4 giant newts
  13 goblins
  6 rats
  A fire vortex (D:13)
  A fungus (Lair:8)
  2 toadstools
1073 creatures vanquished.

Vanquished Creatures (collateral kills)
  A shadow dragon (D:15)
  Kirke (Lair:5)
  2 emperor scorpions (Spider:4)
  The ghost of donomii the Fighter, a journeyman NaMo of Cheibriados (Lair:1)
  The ghost of SkyBlueFox the Black Belt, a journeyman DsMo of Jiyva (Lair:8)
  An ettin (Orc:1)
  Snorg (Orc:2)
  3 hydras
  2 centaur warriors
  Erica (D:8)
  An alligator (Swamp:1)
  An orc high priest (Orc:2)
  2 skeletal warriors (D:15)
  2 unseen horrors
  2 swamp dragons
  A harpy (shapeshifter) (D:14)
  An orc knight (Orc:2)
  A hill giant (D:15)
  A phantasmal warrior (D:10)
  A necromancer (D:15)
  A wandering mushroom (Spider:1)
  3 orb spiders (Spider:4)
  A hornet (Swamp:1)
  An orc sorcerer (Orc:2)
  2 moths of wrath
  A shadow dragon skeleton (D:15)
  2 wolf spiders
  A manticore (D:15)
  2 elephants (Lair:6)
  2 black mambas
  2 centaur skeletons (D:11)
  9 spiny frogs
  2 komodo dragons (Lair:8)
  A spriggan druid (Lair:8)
  A queen bee (D:10)
  A giant leech (Swamp:3)
  A jumping spider (Spider:4)
  A troll (Orc:2)
  A two-headed ogre (D:10)
  5 blink frogs
  2 polar bears (Lair:8)
  5 slime creatures
  A bog body (Swamp:3)
  12 redbacks
  5 spriggans
  3 wraiths
  4 tarantellas
  19 yaks
  A hungry ghost (D:12)
  A fire elemental (Orc:2)
  2 fire bats (D:13)
  A hog (Lair:5)
  2 hippogriffs
  A basilisk (Lair:7)
  6 vampire mosquitoes
  8 wolves
  3 wargs
  2 insubstantial wisps (Swamp:4)
  5 swamp worms
  2 porcupines
  A sky beast (D:13)
  Duvessa (D:4)
  14 orc warriors
  3 wasps
  5 black bears
  3 slaves (D:4)
  7 ice beasts
  2 ogres (Orc:2)
  A centaur (D:9)
  5 crocodiles
  4 giant frogs
  Dowan (D:4)
  2 scorpions
  3 wights
  13 killer bees
  A howler monkey (D:12)
  A crimson imp (D:12)
  A hound (D:11)
  A quasit (D:9)
  12 orc priests
  An iguana (D:12)
  6 orc wizards
  A worker ant (D:9)
  12 river rats
  A dart slug (D:4)
  29 orcs
  A quokka (D:4)
284 creatures vanquished.

Vanquished Creatures (others)
  4 oklob plants
  2 shambling mangroves (Swamp:2)
  An orb spider (Spider:4)
  A wolf spider (Spider:4)
  3 wasps (Swamp:2)
  4 swamp worm zombies (Swamp:4)
  2 slime creatures (Swamp:2)
  3 bog bodies (Swamp:4)
  7 insubstantial wisps (Swamp:4)
  2 swamp worms (Swamp:3)
  A necrophage (D:11)
  A phantom (Swamp:4)
  A worker ant zombie (D:11)
  46 wandering mushrooms
  2 fire vortices (D:13)
  11 fungi
  12 plants
  944 toadstools
  3 withered plants (D:15)
1050 creatures vanquished.

Grand Total: 2407 creatures vanquished

Notes
Turn   | Place    | Note
--------------------------------------------------------------
     0 | D:1      | Iskender the Merfolk Wanderer began the quest for the Orb.
     0 | D:1      | Iskender set off with: a +2 spear, Naulamos's Collected Works on Poison, a scroll of teleportation, a +0 robe, a bread ration
     0 | D:1      | Reached XP level 1. HP: 18/18 MP: 2/2
     0 | D:1      | Identified Naulamos's Collected Works on Poison
    94 | D:1      | Reached skill level 1 in Polearms
   146 | D:1      | Reached XP level 2. HP: 20/24 MP: 3/3
   389 | D:1      | Learned a level 1 spell: Sting
   743 | D:1      | Reached skill level 1 in Poison Magic
   743 | D:1      | Reached XP level 3. HP: 29/29 MP: 1/4
  1213 | D:2      | Reached XP level 4. HP: 28/35 MP: 0/5
  1299 | D:2      | Found a deep blue altar of Sif Muna.
  1537 | D:2      | Reached skill level 5 in Polearms
  2174 | D:2      | Reached XP level 5. HP: 19/41 MP: 1/6
  2403 | D:3      | Found a sparkling altar of Nemelex Xobeh.
  2583 | D:3      | Reached XP level 6. HP: 45/47 MP: 0/7
  2925 | D:4      | Upgraded the game from 0.18-a0-1425-g646b864 to 0.18-a0-1433-g1d8109a
  2928 | D:4      | Noticed Dowan
  2972 | D:4      | Noticed Grinder
  3217 | D:3      | Reached skill level 3 in Dodging
  3364 | D:4      | Reached skill level 4 in Dodging
  3416 | D:4      | Paralysed by Grinder for 6 turns
  3424 | D:4      | Paralysed by Grinder for 7 turns
  3695 | D:5      | Entered Level 5 of the Dungeon
  3719 | D:5      | Reached XP level 7. HP: 11/52 MP: 8/8
  3918 | D:5      | Found a bloodstained altar of Trog.
  4356 | D:5      | Reached skill level 10 in Polearms
  4498 | D:5      | Reached XP level 8. HP: 33/58 MP: 3/9
  4780 | D:4      | Killed Grinder
  5099 | D:4      | Found an iron altar of Okawaru.
  5099 | D:4      | Found a blossoming altar of Fedhas.
  5103 | D:4      | Became a worshipper of Fedhas Madash
  5298 | D:6      | Reached skill level 5 in Dodging
  5403 | D:6      | Found a shadowy altar of Dithmenos.
  5447 | D:6      | Reached skill level 6 in Dodging
  5524 | D:6      | Reached skill level 7 in Dodging
  5574 | D:6      | Noticed Menkaure
  5590 | D:6      | Killed Menkaure
  5590 | D:6      | Reached skill level 8 in Dodging
  5590 | D:6      | Reached XP level 9. HP: 49/64 MP: 10/10
  5726 | D:6      | Noticed Crazy Yiuf
  5765 | D:6      | Killed Crazy Yiuf
  5829 | D:6      | Found a staircase to the Ecumenical Temple.
  6127 | D:7      | Reached skill level 9 in Dodging
  6229 | D:7      | Reached * piety under Fedhas
  6483 | D:7      | Reached skill level 10 in Dodging
  6484 | D:7      | Found a burning altar of Makhleb.
  6773 | D:7      | Reached skill level 1 in Invocations
  7064 | D:7      | Reached ** piety under Fedhas
  7204 | D:4      | Noticed Duvessa
  7220 | D:4      | Killed Duvessa
  7229 | D:4      | Killed Dowan
  7310 | D:4      | Noticed Pikel
  7365 | D:4      | Killed Pikel
  7365 | D:4      | Reached skill level 5 in Invocations
  7760 | D:8      | Reached XP level 10. HP: 59/70 MP: 14/14
  7793 | D:8      | Noticed Erica
  7834 | D:8      | Reached skill level 11 in Dodging
  7835 | D:8      | Killed Erica
  8035 | D:8      | Found a basalt altar of Yredelemnul.
  8159 | D:8      | Found a radiant altar of Vehumet.
  8775 | D:9      | Noticed a skeletal warrior
  8776 | D:9      | Noticed a death knight
  8776 | D:9      | Noticed a phantasmal warrior
  9058 | D:9      | Reached skill level 12 in Dodging
  9067 | D:9      | Got an ancient ring mail
  9078 | D:9      | Identified the +5 ring mail of the Sea {rF- MR++ Regen+ rCorr} (You found it on level 9 of the Dungeon)
  9131 | D:9      | Found a staircase to the Orcish Mines.
  9171 | D:9      | Found Onnavuny's Book Emporium.
  9182 | D:9      | Upgraded the game from 0.18-a0-1433-g1d8109a to 0.18-a0-1436-gfa8758d
  9238 | D:9      | Found a staircase to the Lair.
  9335 | D:9      | Reached skill level 13 in Dodging
  9358 | Lair:1   | Entered Level 1 of the Lair of Beasts
  9358 | Lair:1   | Noticed donomii's ghost (journeyman NaMo)
  9425 | D:9      | Reached XP level 11. HP: 25/75 MP: 12/15
  9626 | D:10     | Entered Level 10 of the Dungeon
  9674 | D:10     | Noticed Maurice
  9824 | D:10     | Reached skill level 14 in Dodging
 10084 | D:10     | Killed Maurice
 10127 | D:10     | Found Riemusytuli's Book Emporium.
 10551 | D:10     | Noticed a hill giant
 10563 | D:10     | Killed a hill giant
 10647 | D:10     | Reached *** piety under Fedhas
 11090 | D:11     | Noticed an unseen horror
 11103 | D:11     | Killed an unseen horror
 11103 | D:11     | Reached skill level 15 in Polearms
 11213 | D:11     | Noticed a moth of wrath
 11213 | D:11     | a slime creature changed into a moth of wrath
 11221 | D:11     | Killed a moth of wrath
 11363 | Orc:1    | Entered Level 1 of the Orcish Mines
 11363 | Orc:1    | Noticed a stone giant
 11363 | Orc:1    | Noticed an orc sorcerer
 11525 | D:11     | Reached XP level 12. HP: 75/83 MP: 18/18
 11823 | D:11     | Reached skill level 5 in Fighting
 13264 | D:10     | Bought a book of Enchantments for 750 gold pieces
 13279 | D:10     | Learned a level 6 spell: Haste
 13508 | D:11     | Reached skill level 1 in Charms
 13575 | D:12     | Learned a level 2 spell: Cure Poison
 14224 | D:13     | Identified the Reference Book on Aerial Combat Magic (You found it on level 13 of the Dungeon)
 14646 | D:9      | Reached skill level 5 in Charms
 14803 | Lair:1   | Killed donomii's ghost
 15826 | Lair:1   | Upgraded the game from 0.18-a0-1436-gfa8758d to 0.18-a0-1471-gbbaf034
 15862 | Lair:2   | Reached **** piety under Fedhas
 16000 | Lair:2   | Noticed Gastronok
 16219 | Lair:2   | Noticed a seven-headed hydra
 16236 | Lair:2   | Killed a seven-headed hydra
 16371 | Lair:2   | Reached XP level 13. HP: 87/97 MP: 19/19
 16796 | Lair:3   | Found a hole to the Spider Nest.
 16808 | Lair:3   | Reached skill level 10 in Charms
 18556 | Lair:4   | Found a staircase to the Swamp.
 19273 | Swamp:1  | Entered Level 1 of the Swamp
 19641 | Lair:5   | Noticed Kirke
 19719 | Lair:5   | Killed Kirke
 20832 | Lair:6   | Reached ***** piety under Fedhas
 20932 | Lair:6   | Reached XP level 14. HP: 57/103 MP: 7/20
 20941 | Lair:6   | Reached skill level 15 in Dodging
 21393 | Lair:7   | Found a staircase to the Slime Pits.
 21560 | Lair:7   | Noticed Josephine
 21577 | Lair:7   | Killed Josephine
 22056 | Lair:8   | Entered Level 8 of the Lair of Beasts
 22068 | Lair:8   | Reached skill level 16 in Dodging
 22082 | Lair:8   | Noticed SkyBlueFox's ghost (journeyman DsMo)
 22996 | Lair:8   | Killed SkyBlueFox's ghost
 22996 | Lair:8   | Reached skill level 10 in Invocations
 23590 | Lair:8   | Reached skill level 17 in Dodging
 23638 | Lair:8   | Learned a level 1 spell: Summon Butterflies
 24644 | Lair:2   | Killed Gastronok
 25143 | D:13     | Reached skill level 18 in Dodging
 25556 | D:13     | Reached XP level 15. HP: 60/111 MP: 17/22
 25731 | D:13     | Noticed Nessos
 25762 | D:13     | Killed Nessos
 26420 | D:13     | Reached skill level 10 in Fighting
 26726 | D:14     | Noticed Frances
 26832 | D:14     | Found a shattered altar of Ashenzari.
 26858 | D:14     | Noticed Sonja
 26878 | D:14     | Noticed Rupert
 26953 | D:14     | Paralysed by Rupert for 5 turns
 26960 | D:14     | Killed Rupert
 26987 | D:14     | Killed Sonja
 27129 | D:14     | Found a gate to the Vaults.
 27160 | D:15     | Entered Level 15 of the Dungeon
 27438 | D:15     | Found a staircase to the Depths.
 27492 | D:15     | Noticed a shadow dragon
 27528 | D:14     | Killed Frances
 28181 | D:15     | Upgraded the game from 0.18-a0-1471-gbbaf034 to 0.18-a0-1484-g95ebbe1
 28918 | D:15     | Found Hamadub's Armour Boutique.
 29061 | D:15     | Killed a shadow dragon
 29254 | Depths:1 | Entered Level 1 of the Depths
 29254 | Depths:1 | Noticed Leszczynek's ghost (adept DDWr)
 31457 | Swamp:2  | Identified Buk Isor's Volume of Battle Magic
 31625 | Swamp:2  | Reached XP level 16. HP: 103/122 MP: 23/23
 31664 | Swamp:2  | Learned a level 2 spell: Repel Missiles
 32880 | Swamp:3  | Noticed Louise
 33001 | Swamp:3  | Killed Louise
 33367 | Swamp:3  | Reached skill level 19 in Dodging
 33486 | Swamp:3  | Noticed a thorn hunter
 33954 | Orc:2    | Entered Level 2 of the Orcish Mines
 34016 | Orc:2    | Noticed Snorg
 34036 | Orc:2    | Killed Snorg
 34600 | Orc:1    | Reached ****** piety under Fedhas
 34903 | Orc:2    | Found Tighylu's General Store.
 35060 | Orc:2    | Found Cofarat's Book Boutique.
 35378 | Orc:2    | Found a roughly hewn altar of Beogh.
 35559 | Orc:2    | Reached skill level 20 in Dodging
 35657 | Orc:2    | Bought a book of Necromancy for 540 gold pieces
 35662 | Orc:2    | Learned a level 3 spell: Regeneration
 36193 | Orc:2    | Found a staircase to the Elven Halls.
 36417 | Orc:2    | Found a roughly hewn altar of Beogh.
 36438 | Orc:2    | Noticed Azrael
 36459 | Orc:2    | Killed Azrael
 36557 | Orc:2    | Found Dyschey's Armour Boutique.
 36581 | Orc:2    | Found Hyujeug's Weapon Shoppe.
 36682 | Orc:2    | Bought the +2 cloak "Nicumuv" {rPois MR- Dex+4} for 478 gold pieces
 37075 | Spider:1 | Entered Level 1 of the Spider Nest
 37600 | Spider:1 | Reached skill level 5 in Stealth
 37938 | Spider:1 | Reached XP level 17. HP: 122/128 MP: 26/26
 38888 | Spider:3 | Reached skill level 10 in Stealth
 39488 | Spider:4 | Entered Level 4 of the Spider Nest
 39805 | Spider:4 | Noticed Aizul
 40196 | Spider:4 | Reached skill level 5 in Spellcasting
 40456 | Spider:4 | Reached skill level 21 in Dodging
 40505 | Spider:4 | Got a gossamer rune of Zot
 40585 | Spider:4 | Reached XP level 18. HP: 98/134 MP: 24/27
 40810 | Spider:4 | Killed Aizul
 41068 | Swamp:4  | Entered Level 4 of the Swamp
 41827 | Swamp:4  | Noticed a bone dragon
 42010 | Swamp:4  | Killed a bone dragon
 42216 | Swamp:4  | Got a decaying rune of Zot
 42718 | Vaults:1 | Entered Level 1 of the Vaults
 42771 | Vaults:1 | HP: 3/140 [vault warden/great mace (25)]
 42798 | Vaults:1 | Slain by an ironheart preserver

Vault maps used:
D:1:      roderic_octagonal_star
D:2:      nicolae_overflow_hidden_temple, first_bread
D:3:      corexii_shack_village, lemuel_coloured_pillars_altar
D:4:      gammafunk_temple_overflow_elements, uniq_duvessa, uniq_pikel,
          uniq_grinder
D:5:      lemuel_doored_altar, minmay_fire_ice_demons
D:6:      minmay_temple_entry_poolview, nicolae_dithmenos_the_darkroom,
          uniq_crazy_yiuf_cottage, uniq_menkaure
D:7:      overflow_temple_1_default
D:8:      lemuel_crystal_altar, overflow_temple_1_default, blue_anna_alchemist,
          uniq_erica
D:9:      david_lair_shrubbed, minmay_orc_entry_guard_dogs, serial_shops,
          nicolae_shop_waterfront, serial_column_ruins, column_ruins_open_tiny,
          column_ruins_columns_straight, column_ruins_open_tiny,
          column_ruins_corridor_straight, column_ruins_columns_straight
D:10:     serial_shops, nicolae_shop_behind_doors, serial_ice, serial_ice_b,
          serial_ice_e, serial_ice_a, serial_ice_c, serial_ice_m, serial_ice_o,
          nicolae_looking_at_the_future, uniq_maurice
D:12:     eino_small_chamber_without_monster
D:13:     hangedman_incinerator, uniq_nessos
D:14:     david_vaults_2, evilmike_ruin_ashenzari, uniq_rupert, uniq_frances,
          uniq_sonja
D:15:     gammafunk_depths_entry_grave, serial_shops, shop, serial_column_ruins,
          column_ruins_grid_3, column_ruins_corridor_straight,
          column_ruins_grid_1, column_ruins_columns_water, serial_bayou_shore_b
Lair:1:   portal_ice_cave_entry_ice_beasts, minivault_23, grunt_megastairs_3
Lair:2:   serial_bayou_shore_a, infiniplex_staircase_pool, uniq_gastronok
Lair:3:   spider_nest_entry_a
Lair:4:   minmay_swamp_entry_worms, wad_woods_river_03, dpeg_oklob_1,
          grunt_megastairs_2, infiniplex_staircase_pool_2
Lair:5:   uniq_kirke
Lair:6:   special_room, minmay_stone_trees_medium, lemuel_fruit_tree
Lair:7:   slime_dummy, uniq_josephine
Lair:8:   minmay_lair_end_enchanted_forest
Swamp:1:  evilmike_swamp_ruin_house_3, swamp_pool3
Swamp:2:  evilmike_swamp_ruin_house_2
Swamp:3:  evilmike_swamp_ruin_house_1, uniq_louise
Swamp:4:  swamp_pestilence, swamp_pool1, grunt_hermit_hut
Spider:2: nicolae_spider_mines_1
Spider:4: grunt_spider_rune_circles, special_room, uniq_aizul
Orc:2:    pubby_orc_utopia, uniq_azrael, uniq_snorg
Vaults:1: dpeg_vaults_waves, v_pattern_3, v_misc_8,
          nicolae_vaults_border_crossing, nicolae_vaults_angled_halls,
          nicolae_vaults_little_squares_2, vaults_dpeg_encased_lava,
          nicolae_vaults_mini_display_case, vaults_dpeg_diagonal, serial_shops,
          shop_fountains
Depths:1: grunt_hell_entry_dis_old, rand_demon_pan_entry_9, mu_enter_wizlab_5,
          minmay_misc_feat_encased, minmay_strange_pillars,
          lemuel_flamethrower_2

Skill      XL: |  1  2  3  4  5  6  7  8  9 10 11 12 13 14 15 16 17 18 |
---------------+-------------------------------------------------------+-----
Polearms       | 2 3 4 6 7 8 10 12 14 16 20 | 20.1
Poison Magic   | 1 2 |  2.0
Dodging        | 4 8 10 13 14 18 20 21 | 21.7
Invocations    | 6 8 10 12 | 12.3
Fighting       | 4 7 8 10 12 | 12.2
Charms         | 9 14 | 14.0
Stealth        | 5 10 | 10.2
Spellcasting   | 6 |  6.1
Throwing       | |  1.0
Summonings     | |  1.0
Transmutations | |  1.3
Evocations     | |  1.0

Action                   |  1- 3 |  4- 6 |  7- 9 | 10-12 | 13-15 | 16-18 || total
-------------------------+-------+-------+-------+-------+-------+-------++-------
Melee: Spear             |    89 |   241 |   577 |   911 |       |       ||  1818
       Whip              |       |       |     3 |       |       |       ||     3
       Trident           |       |       |       |   787 |  2041 |    58 ||  2886
       Halberd           |       |       |       |       |    13 |       ||    13
       Unarmed           |       |       |       |       |     2 |       ||     2
       Glaive            |       |       |       |       |   319 |  2099 ||  2418
 Fire: Blowgun           |       |       |       |     3 |    11 |     5 ||    19
Throw: Tomahawk          |       |     2 |     9 |    14 |       |       ||    25
       Javelin           |       |       |       |     1 |    11 |     4 ||    16
 Cast: Sting             |    14 |    76 |    60 |    63 |    72 |    10 ||   295
       Haste             |       |       |       |     1 |    25 |    20 ||    46
       Summon Butterflie |       |       |       |       |     1 |     3 ||     4
       Regeneration      |       |       |       |       |       |    56 ||    56
       Repel Missiles    |       |       |       |       |       |     2 ||     2
       Cure Poison       |       |       |       |       |       |     3 ||     3
Invok: Evolution         |       |       |     2 |    16 |    30 |    21 ||    69
       Sunlight          |       |       |       |     3 |     6 |       ||     9
       Growth            |       |       |       |       |     1 |     6 ||     7
       Rain              |       |       |       |       |       |     1 ||     1
 Abil: Evoke Berserk Rag |       |     2 |       |     5 |       |       ||     7
       Evoke Flight      |       |       |       |       |       |     1 ||     1
Evoke: Wand              |       |       |     1 |    32 |    22 |    12 ||    67
       Fan of gales      |       |       |       |       |     2 |     3 ||     5
  Use: Scroll            |       |     7 |     8 |    19 |    16 |    12 ||    62
       Potion            |       |     2 |       |    12 |    30 |     4 ||    48
 Stab: Sleeping          |     2 |     6 |     3 |     3 |    15 |    29 ||    58
       Distracted        |     1 |       |       |    13 |    16 |    21 ||    51
       Confused          |       |       |       |    26 |    40 |    22 ||    88
  Eat: Chunk             |     1 |    12 |     3 |    27 |    37 |    57 ||   137
       Bread ration      |       |     1 |     2 |     1 |       |       ||     4
       Fruit             |       |       |       |     1 |       |       ||     1
       Royal jelly       |       |       |       |     2 |    14 |       ||    16
       Beef jerky        |       |       |       |     1 |     5 |     4 ||    10
       Meat ration       |       |       |       |     1 |       |       ||     1
       Pizza             |       |       |       |       |     2 |     1 ||     3
